AoeStats
← ALIKOG_IR

Migration

507573150Analyzed
1v1 RM · 13d ago on Sep 18, 2026· 50m 31s· 2 players
Game mode
Random Map
Map size
132×132
Population
200
Speed
Normal
Resources
Standard
Victory
Conquest
Starting age
Dark Age
Ending age
Imperial Age
RankedLock teamsTeams togetherTeam positionsShared explorationLock speedFull tech treeHidden civsTurbo modeCheats
Victory
Defeat
🇺🇸 Shu · United States
1427
+15
🇦🇷 Mapuche · Argentina
1400
-15
ALIKOG_IR
0:54 Loom
11:03 Feudal Age
11:36 Horse Collar
11:44 Double-Bit Axe
11:42 Horse Collar
18:08 Castle Age
16:54 Forging
19:06 Medium Warships
19:20 Bow Saw
20:58 Iron Casting
24:03 Fletching
25:03 Bodkin Arrow
26:36 Heavy Plow
31:10 Gold Mining
31:09 Champi Runner
32:30 Champi Warrior
33:11 Scale Mail Armor
35:55 Wheelbarrow
37:57 Imperial Age
40:22 Heavy Warships
41:21 Blast Furnace
Toothless
11:08 Feudal Age
12:05 Double-Bit Axe
13:05 Loom
14:03 Fishing Lines
16:52 Castle Age
14:56 Horse Collar
15:10 Gold Mining
18:25 Wheelbarrow
17:40 Town Watch
18:07 Bow Saw
18:19 Medium Warships
18:49 Fletching
19:41 Gold Shaft Mining
19:43 Bodkin Arrow
20:15 Gillnets
23:24 Wheelbarrow
29:13 Scale Mail Armor
29:25 Forging
30:17 Chain Mail Armor
35:28 Heavy Plow
35:32 Demolition Ship
39:17 Imperial Age
38:10 Murder Holes
38:26 Masonry
39:11 Hand Cart
39:19 Coiled Serpent Array
41:20 Bracer
43:03 Plate Mail Armor
43:31 Squires
43:17 Arson
45:30 Chemistry
45:02 Architecture
46:24 Stone Mining
Connection lost

Rejoining the realm…

Still unreachable

The connection could not be restored.

Session expired

The server has moved on; the page needs a fresh start.